 Dungeon Crawl Stone Soup version 0.28.0-43-g3370ac3207 (webtiles) character file.

Game seed: 8234919180951853136

93 DearestLeader the Chopper (level 4, -2/40 HPs)
             Began as a Minotaur Fighter on Mar 11, 2022.
             Killed by divine providence
             ... invoked by an orc priest
              (12 damage)
             ... on level 3 of the Dungeon.
             The game lasted 00:03:52 (2117 turns).

DearestLeader the Chopper (Minotaur Fighter)        Turns: 2117, Time: 00:03:54

Health: -2/40      AC:  9    Str: 22    XL:     4   Next: 36%
Magic:  3/3        EV: 10    Int:  5    God:
Gold:   97         SH:  4    Dex: 10    Spells: 3/3 levels left

rFire   + . .      SeeInvis .   a - +0 war axe
rCold   . . .      Faith    .   c - +0 buckler
rNeg    + . .      Spirit   .   b - +0 scale mail
rPois   .          Reflect  .   (helmet restricted)
rElec   .          Harm     .   d - +0 cloak
rCorr   .          Rampage  .   h - +0 pair of gloves
Will    .....                   (no boots)
Stlth   ..........              (no amulet)
HPRegen 0.13/turn               k - ring of positive energy
MPRegen 0.08/turn               l - ring of protection from fire

@: no status effects
A: horns 2, retaliatory headbutt
a: no special abilities


You were on level 3 of the Dungeon.
You visited 1 branch of the dungeon, and saw 3 of its levels.

You collected 97 gold pieces.

Inventory:

Hand Weapons
 a - a +0 war axe (weapon)
Missiles
 e - 18 sling bullets
Armour
 b - a +0 scale mail (worn)
 c - a +0 buckler (worn)
 d - a +0 cloak (worn)
 h - a +0 pair of gloves (worn)
Jewellery
 k - a ring of positive energy (left hand)
 l - a ring of protection from fire (right hand)
 o - a ring of wizardry
Scrolls
 f - a scroll of magic mapping {unknown}
 i - 4 scrolls of enchant weapon {unknown}
 j - a scroll of amnesia {unknown}
 m - 2 scrolls of immolation {unknown}
 n - a scroll of enchant armour {unknown}
Potions
 g - 2 potions of lignification


   Skills:
 - Level 4.0 Fighting
 * Level 4.3 Axes
 - Level 4.0 Armour
 + Level 1.7 Dodging
 - Level 4.0 Shields


You had 3 spell levels left.
You didn't know any spells.
Your spell library contained the following spells:

 Spells                   Type           Power      Damage    Failure   Level
 Ensorcelled Hibernation  Hex/Ice        0%         N/A       95%         2
 Spider Form              Tmut/Pois      0%         N/A       99%         3
 Anguish                  Hex/Necr       0%         N/A       100%        4


Dungeon Overview and Level Annotations

Branches:
Dungeon (3/15)

Altars:

Shops:
D:2 [


Innate Abilities, Weirdness & Mutations

You have a pair of horns on your head.
You reflexively headbutt those who attack you in melee.


Message History

A giant cockroach comes into view.
The giant cockroach closely misses you. The giant cockroach barely misses you.
You hit the giant cockroach.
The giant cockroach is moderately wounded.
The giant cockroach barely misses you.
You closely miss the giant cockroach.
The giant cockroach bites you but does no damage. x2
You barely miss the giant cockroach.
Your headbutt misses the giant cockroach.
The giant cockroach closely misses you. You block the giant cockroach's attack.
You slash the giant cockroach!
You kill the giant cockroach!
An orc priest comes into view. It is wielding a +0 club.
The orc priest shouts!
You hear a shout!
The orc priest moves out of view.
An orc comes into view. It is wielding a +0 hand axe.
The orc priest mumbles some strange prayers to Beogh against you.
Beogh smites you!
An orc priest comes into view. It is wielding a +0 club.
The orc priest miscasts a cantrip.
You barely miss the orc priest. Your headbutt misses the orc priest.
You closely miss the orc. The orc misses you. You furiously retaliate!
You headbutt the orc, but do no damage.
The orc priest invokes the aid of Beogh against you.
Beogh smites you!
* * * LOW HITPOINT WARNING * * *
The orc barely misses you.
Okay, then.
You closely miss the orc priest. You headbutt the orc priest!
The orc priest is severely wounded.
You hit the orc.
The orc priest casts a cantrip, but nothing happens.
The orc closely misses you.
You hit the orc priest.
The orc priest is almost dead.
You hit the orc but do no damage. You block the orc priest's attack.
The orc closely misses you.
The orc priest mumbles some strange prayers to Beogh against you.
Beogh smites you!
You die...

.. ..# ###....##.#
..# #.# #.......#
.. #†# #........ #.
#.# ###...###
#.##.#### #...#
#.......#####...###
#(.#.##............
#..#..#####.#####..
#o@######^....###..
##o# #^.^....####
#o. #^........#
#.## #.....^...###
#.# #............#
#.# #....^.....#.#
..# ##..>......#..
##. ##.......####
##....^###..


You could see 2 orc priests and an orc.

Vanquished Creatures
  Crazy Yiuf (D:2)
  An adder (D:3)
  2 worms (D:3)
  5 ball pythons
  5 endoplasms
  2 giant cockroaches
  5 goblins
  5 hobgoblins
  3 quokkas (D:1)
  6 bats
  3 frilled lizards
  2 kobolds
  6 rats
46 creatures vanquished.

Notes
Turn   | Place    | Note
-------+----------+-------------------------------------------
     0 | D:1      | DearestLeader the Minotaur Fighter began the quest for the
                  | Orb.
     0 | D:1      | Reached XP level 1. HP: 19/19 MP: 0/0
   128 | D:1      | Reached XP level 2. HP: 27/27 MP: 1/1
   817 | D:2      | Found a runed translucent door.
   818 | D:2      | Noticed Crazy Yiuf
   956 | D:2      | Reached XP level 3. HP: 33/33 MP: 2/2
  1022 | D:2      | Found Pomou's Antique Armour Emporium.
  1225 | D:2      | Reached skill level 1 in Dodging
  1372 | D:2      | Killed Crazy Yiuf
  1675 | D:3      | Reached XP level 4. HP: 40/40 MP: 3/3
  2117 | D:3      | Killed from afar by an orc priest

Illustrated notes

Levels and vault maps discovered:
D:1:      amcnicky_arrival_abandoned_market, layout_loops_ring
D:2:      layout_basic, serial_shops, nicolae_shop_crystal,
          roderic_serpentine_path, uniq_crazy_yiuf_cottage
D:3:      layout_loops_cross, nicolae_wormholes

Skill      XL: |  1  2  3 |
---------------+----------+-----
Axes           | 3 4 |  4.3
Armour         | 4 |  4.0
Dodging        | 1 |  1.7
Fighting       | 4 |  4.0
Shields        | 4 |  4.0

Action                   |  1- 3 |  4- 6 || total
-------------------------+-------+-------++-------
Melee: War axe           |    68 |    27 ||    95
       Headbutt          |     2 |     4 ||     6
  Use: Potion            |     3 |       ||     3
Armor: Scale mail        |    32 |    13 ||    45
Dodge: Dodged            |    32 |    17 ||    49
Block: Buckler           |    17 |     4 ||    21
